 Dungeon Crawl Stone Soup version 0.28.0 (webtiles) character file.

Game seed: 10760413106914734780

15 hikkokomori the Skirmisher (level 2, 0/25 HPs)
             Began as a Formicid Fighter on Feb 8, 2022.
             Succumbed to a kobold's poison
             ... on level 1 of the Dungeon.
             The game lasted 00:01:08 (318 turns).

hikkokomori the Skirmisher (Formicid Fighter)        Turns: 318, Time: 00:01:09

Health: 0/25       AC:  6    Str: 20    XL:     2   Next: 65%
Magic:  2/2        EV:  9    Int:  7    God:
Gold:   0          SH:  4    Dex: 10    Spells: 1/1 levels left

rFire   . . .      SeeInvis +   a - +0 war axe
rCold   . . .      Faith    .   c - +0 buckler
rNeg    . . .      Spirit   .   b - +0 scale mail
rPois   .          Reflect  .   (helmet unavailable)
rElec   .          Harm     .   (no cloak)
rCorr   .          Rampage  .   (no gloves)
Will    .....                   (no boots)
Stlth   ..........              (no amulet)
HPRegen 0.08/turn               (no ring)
MPRegen 0.08/turn               (no ring)

@: lethally poisoned (0 -> -5)
A: permanent stasis, dig shafts and tunnels, antennae 3, four strong arms
a: Dig, Shaft Self


You were on level 1 of the Dungeon.
You visited 1 branch of the dungeon, and saw 1 of its levels.

Inventory:

Hand Weapons
 a - a +0 war axe (weapon)
Armour
 b - a +0 scale mail (worn)
 c - a +0 buckler (worn)
Potions
 d - a potion of might


   Skills:
 + Level 3.7 Fighting
 + Level 2.5 Axes
 - Level 3.2 Armour
 - Level 3.6 Shields


You had one spell level left.
You didn't know any spells.
Your spell library was empty.

Dungeon Overview and Level Annotations

Branches:
Dungeon (1/15)

Altars:


Innate Abilities, Weirdness & Mutations

You cannot be hasted, slowed, berserked, paralysed or teleported.
You can dig through walls and to a lower floor.
You have a pair of large antennae on your head. (SInv)
Your four strong arms can wield two-handed weapons with a shield.


Message History

You hit the dart slug.
The dart slug is lightly wounded.
The dart slug barely misses you.
You slash the dart slug!
The dart slug is almost dead.
You block the dart slug's attack.
You hit the dart slug.
You kill the dart slug!
You barely miss the kobold. The kobold hits you but does no damage.
You are poisoned.
You block the kobold's attack.
You closely miss the kobold.
You feel sick. The kobold closely misses you.
You barely miss the kobold.
You feel sick. The kobold closely misses you.
You closely miss the kobold.
You feel sick. The kobold hits you but does no damage.
You are more poisoned.
The kobold hits you but does no damage.
You are lethally poisoned!
You closely miss the kobold.
You feel very sick. The kobold hits you but does no damage.
You are too injured to fight recklessly!
You are too injured to fight recklessly!
You slash the kobold!
You kill the kobold!
* * * LOW HITPOINT WARNING * * *
You feel very sick.
There is a lethal amount of poison in your body!
Okay, then.
Okay, then.
You aren't carrying any scrolls.
Unknown command.
* * * LOW HITPOINT WARNING * * *
You feel sick.
You see here a dart slug corpse.
* * * LOW HITPOINT WARNING * * *
You feel sick.
* * * LOW HITPOINT WARNING * * *
You feel sick.
You die...

...## ### ###... ..#
#.#### #.# #.###
#.#######...## # #..
.......... ###.# #.#
#######.##
......#####.###
#.[.....
#....@..†...###.###.##
#.##.###)#.>..........
... #............##
###. #.#...######## #.
.......# ###########


There were no monsters in sight!

Vanquished Creatures
  A dart slug (D:1)
  2 bats (D:1)
  4 goblins (D:1)
  A hobgoblin (D:1)
  A kobold (D:1)
  A quokka (D:1)
  A frilled lizard (D:1)
11 creatures vanquished.

Notes
Turn   | Place    | Note
-------+----------+-------------------------------------------
     0 | D:1      | hikkokomori the Formicid Fighter began the quest for the
                  | Orb.
     0 | D:1      | Reached XP level 1. HP: 18/18 MP: 1/1
    53 | D:1      | Reached XP level 2. HP: 16/24 MP: 2/2
   317 | D:1      | HP: 1/25 [poisoned by a kobold]
   318 | D:1      | Succumbed to a kobold's poison

Illustrated notes

Levels and vault maps discovered:
D:1:      dpeg_arrival_central, layout_loops_ring, serial_glass,
          glass_columns_b, glass_columns_b, amethyst_killhole

Action                   || total
-------------------------++-------
Melee: War axe           ||    31
Armor: Scale mail        ||    21
Dodge: Dodged            ||    16
Block: Buckler           ||    12
